 Dungeon Crawl Stone Soup version 0.24-a0-7-g1bb0902669 (webtiles) character file.

Game seed: 7651854195099708599

16450 Raymar the Thaumaturge (level 12, 0/59 HPs)
             Began as a Deep Elf Conjurer on Jan 31, 2019.
             Was an Elder of Sif Muna.
             Slain by a polar bear (3 damage)
             ... in an ice cave.
             The game lasted 01:14:23 (16869 turns).

Raymar the Thaumaturge (Deep Elf Conjurer)         Turns: 16869, Time: 01:14:24

Health: 0/59       AC: 10    Str:  5    XL:     12   Next: 10%
Magic:  30/30      EV: 16    Int: 26    God:    Sif Muna [****..]
Gold:   517        SH:  0    Dex: 23    Spells: 12/36 levels left

rFire    . . .     SeeInvis .   d - staff of fire
rCold    + . .     Gourm    .   (no shield)
rNeg     . . .     Faith    .   a - +1 robe
rPois    .         Spirit   .   B - +1 hat {MR+}
rElec    .         Reflect  .   D - +1 cloak
rCorr    .         Harm     .   q - +1 pair of gloves (curse)
MR       ++...                  (no boots)
Stlth    ++++......             (no amulet)
HPRegen  0.19/turn              b - ring of ice
MPRegen  0.22/turn              w - +4 ring of dexterity

@: berserk cooldown, flying, drained
A: molten scales 1, thin skeletal structure 1, agile 1
a: Divine Energy, Channel Magic, Forget Spell, Renounce Religion


You were in an ice cave.
You worshipped Sif Muna.
Sif Muna was greatly pleased with you.
You were not hungry.

You visited 3 branches of the dungeon, and saw 12 of its levels.
You also visited: Ice Cave.

You collected 787 gold pieces.
You spent 270 gold pieces at shops.

Inventory:

Hand Weapons
 f - a +3 dagger of speed
Armour
 a - a +1 robe (worn)
 q - a cursed +1 pair of gloves (worn)
 B - a +1 hat of magic resistance (worn)
 D - a +1 cloak (worn)
Magical Staves
 d - an uncursed staff of fire (weapon)
Jewellery
 b - a ring of ice (left hand)
 l - a +1 ring of evasion
 w - a +4 ring of dexterity (right hand)
 z - an uncursed ring of resist corrosion
Wands
 n - a wand of random effects (23)
 u - a wand of enslavement (13)
 A - a wand of flame (28)
Scrolls
 g - 6 scrolls of teleportation
 k - 2 scrolls of fog
 m - 3 scrolls of remove curse
 p - 3 scrolls of identify
 r - a scroll of magic mapping
 s - 2 scrolls of amnesia
 y - 2 scrolls of blinking
 C - a scroll of enchant weapon
Potions
 h - a potion of ambrosia
 i - 3 potions of agility
 o - a potion of cancellation
 t - 3 potions of might
 v - a potion of brilliance
 x - 2 potions of curing
 F - a potion of resistance
 G - a potion of heal wounds
Comestibles
 c - 13 rations


   Skills:
 - Level 1.5(0.8) Short Blades
   Level 0.1(1.0) Polearms
 * Level 4.0(3.3) Staves
 + Level 6.0(5.1) Dodging
 + Level 5.3(4.6) Stealth
 + Level 12.7(11.7) Spellcasting
 + Level 11.4(10.5) Conjurations
 * Level 10.4(9.5) Hexes
 * Level 6.9(6.1) Translocations
 * Level 4.9(4.1) Invocations
 * Level 5.0(4.2) Evocations


You had 12 spell levels left.
You knew the following spells:

 Your Spells              Type           Power        Failure   Level  Hunger
a - Magic Dart            Conj           ####         1%          1    None
b - Searing Ray           Conj           ######       1%          2    None
c - Dazzling Spray        Conj/Hex       ######       1%          3    None
d - Iskenderun's Mystic   Conj           ######..     1%          4    None
e - Fulminant Prism       Conj/Hex       ######....   1%          4    None
f - Force Lance           Conj/Tloc      ######..     1%          4    None
g - Gell's Gravitas       Tloc           #####.....   1%          3    None
h - Inner Flame           Hex/Fire       ######..     1%          3    None

Your spell library contained the following spells:

 Spells                   Type           Power        Failure   Level  Hunger
 Confusing Touch          Hex            ######       1%          1    None
 Corona                   Hex            ######.      1%          1    None
 Slow                     Hex            ######..     1%          2    None
 Confuse                  Hex            ######..     1%          3    None
 Portal Projectile        Hex/Tloc       ######       1%          3    None
 Cause Fear               Hex            ######....   1%          4    None
 Pain                     Necr           ###.         3%          1    None
 Recall                   Summ/Tloc      N/A          3%          3    None
 Leda's Liquefaction      Hex/Erth       #####.....   5%          4    None
 Metabolic Englaciation   Hex/Ice        ######....   16%         5    ###....
 Yara's Violent Unravell  Hex/Tmut       #####.....   16%         5    ###....
 Animate Dead             Necr           N/A          36%         4    None
 Petrify                  Tmut/Erth      ###.....     36%         4    None
 Borgnjor's Vile Clutch   Necr/Erth      ###.......   71%         5    ###....
 Death Channel            Necr           ###.......   99%         6    #####..
 Simulacrum               Ice/Necr       ###.......   99%         6    #####..


Dungeon Overview and Level Annotations

Branches:
Dungeon (10/15)            Temple (0/1) D:7            Lair (1/6) D:10
    Orc (1/2) D:10

Altars:
Dithmenos
Fedhas
Kikubaaqudgha
Nemelex Xobeh
Sif Muna
Trog
Uskayaw
Vehumet
Wu Jian
Xom
Yredelemnul
The Shining One

Shops:
D:5 :   D:7 %   D:10 *

Annotations:
D:6 2 transporters, brucemayne's ghost, novice HOMo


Innate Abilities, Weirdness & Mutations

You are partially covered in molten scales. (AC +2)
You have a somewhat thin skeletal structure. (Dex +2, Stealth)
You are agile. (Dex +2)


Message History

The polar bear closely misses you. The polar bear misses you.
The polar bear bites you! The polar bear closely misses you.
The polar bear claws you but does no damage.
The polar bear bites you but does no damage.
The polar bear closely misses you. x2
The polar bear bites you. The polar bear misses you. x2
Careful!
You are starting to lose your buoyancy.
The polar bear barely misses you. x3
The polar bear bites you!
* * * LOW HITPOINT WARNING * * *
The polar bear closely misses you.
The polar bear claws you but does no damage.
The polar bear bites you!
* * * LOW HITPOINT WARNING * * *
The polar bear misses you.
The polar bear claws you but does no damage.
You feel yourself speed up.
You can't survive in this terrain!
You fly above the water, but the process is draining.
You feel drained. The polar bear misses you. The polar bear claws you.
You die...

# #..# ####...## ### ###.##
##.#.# ..###...# ##..##
......### ### ##..## ###...#
#≈## ##..# #.### #≈≈# ##≈≈##
### ###≈≈##########≈≈≈#
##≈≈≈≈≈≈≈≈≈≈≈≈≈≈≈≈≈#
##≈≈≈h@≈≈≈≈≈≈≈≈≈≈≈≈##
###≈≈≈#############≈≈≈#
##≈≈≈≈≈##.........##.###
##≈≈≈≈###............##
#######≈≈≈≈##.....###...÷...##
≈≈##≈≈≈≈####.....##......#...#
≈≈≈≈≈#####.......#.))....#...#
≈≈≈≈## #........##..).)##...#
##### ##........##..###...##


You could see a polar bear.

Vanquished Creatures
  A frost giant (IceCv)
  Harold (D:7)
  Pikel (D:5)
  An ice statue (IceCv)
  A rime drake (Lair:1)
  A troll (D:6)
  12 polar bears (IceCv)
  A hornet (D:10)
  A hippogriff (D:8)
  A shadow (D:10)
  22 yaks
  A basilisk (D:10)
  4 hungry ghosts
  Menkaure (D:5)
  A two-headed ogre zombie (D:10)
  Duvessa (D:5)
  3 porcupines (D:10)
  5 orc warriors
  2 sky beasts
  2 ice beasts
  A necrophage (D:9)
  5 ogres
  3 phantoms
  8 wolves (IceCv)
  6 centaurs
  2 crocodiles (D:10)
  3 big kobolds
  Blork the orc (D:6)
  5 bullfrogs
  Dowan (D:5)
  4 scorpions
  A troll zombie (D:10)
  6 wights
  3 killer bees (D:9)
  7 crimson imps
  2 bullfrog zombies
  6 hounds
  2 jellies
  A gnoll shaman (D:10)
  10 orc priests
  7 orc wizards
  A bullfrog skeleton (D:6)
  2 centaur skeletons
  Ijyb (D:4)
  Terence (D:2)
  2 iguanas (D:10)
  7 worker ants
  6 ogre zombies (D:10)
  A hound zombie (D:5)
  3 worker ant zombies
  Robin (D:4)
  17 adders
  7 gnolls
  4 shadow imps
  3 worms (D:2)
  2 dart slugs
  8 leopard geckos
  39 orcs
  5 ball pythons
  3 giant cockroaches (D:2)
  12 goblins
  9 hobgoblins
  23 jackals
  15 kobolds
  5 quokkas
  11 bats
  12 frilled lizards
  2 goblin zombies (D:10)
  2 hobgoblin skeletons (D:10)
  4 hobgoblin zombies (D:10)
  A leopard gecko skeleton (D:7)
  4 orc skeletons (D:10)
  13 orc zombies (D:10)
  A quokka skeleton (D:5)
  A quokka zombie (D:10)
  5 rats
  7 fulminant prisms
387 creatures vanquished.

Vanquished Creatures (others)
  A rime drake (Lair:1)
  An orc warrior (D:8)
  A sky beast (D:5)
  A black bear (D:10)
  2 wolves (IceCv)
  A killer bee (D:10)
  3 wights (D:8)
  2 orc priests (D:8)
  A hound (D:10)
  3 orcs
  5 jackals (D:5)
  2 kobolds
  2 bushes (D:10)
  67 fulminant prisms
  2 fungi (D:10)
  15 plants (D:10)
  4 toadstools (D:1)
113 creatures vanquished.

Grand Total: 500 creatures vanquished

Notes
Turn   | Place    | Note
-------+----------+-------------------------------------------
     0 | D:1      | Raymar the Deep Elf Conjurer began the quest for the Orb.
     0 | D:1      | Reached XP level 1. HP: 10/10 MP: 6/6
   222 | D:1      | Reached XP level 2. HP: 14/15 MP: 6/8
   231 | D:1      | Learned a level 2 spell: Searing Ray
   235 | D:1      | Reached skill level 5 in Conjurations
   402 | D:1      | Reached XP level 3. HP: 19/19 MP: 2/9
   863 | D:2      | Learned a level 3 spell: Dazzling Spray
  1179 | D:2      | Reached XP level 4. HP: 12/24 MP: 0/11
  1327 | D:2      | Learned a level 4 spell: Iskenderun's Mystic Blast
  1369 | D:2      | Found a sparkling altar of Nemelex Xobeh.
  1422 | D:2      | Reached skill level 1 in Hexes
  1660 | D:2      | Noticed Terence
  1775 | D:2      | Killed Terence
  1775 | D:2      | Reached skill level 4 in Spellcasting
  2264 | D:2      | Reached XP level 5. HP: 28/28 MP: 11/13
  2474 | D:3      | Reached skill level 1 in Short Blades
  2788 | D:3      | Reached XP level 6. HP: 32/32 MP: 10/14
  2794 | D:3      | Learned a level 4 spell: Fulminant Prism
  3721 | D:3      | Reached skill level 5 in Spellcasting
  4169 | D:4      | Reached XP level 7. HP: 33/36 MP: 9/17
  4175 | D:4      | Noticed Robin
  4187 | D:4      | Killed Robin
  4513 | D:4      | Reached skill level 6 in Spellcasting
  4946 | D:4      | Noticed Ijyb
  4949 | D:4      | Killed Ijyb
  5147 | D:5      | Entered Level 5 of the Dungeon
  5288 | D:5      | Reached skill level 7 in Spellcasting
  5293 | D:5      | Reached XP level 8. HP: 35/41 MP: 2/20
  5370 | D:5      | Noticed Menkaure
  5382 | D:5      | Killed Menkaure
  5494 | D:5      | Found a blossoming altar of Fedhas.
  5498 | D:5      | Noticed Duvessa
  5500 | D:5      | Noticed Dowan
  5507 | D:5      | Killed Duvessa
  5507 | D:5      | Reached skill level 5 in Hexes
  5508 | D:5      | Killed Dowan
  5581 | D:5      | Noticed Pikel
  5589 | D:5      | Killed Pikel
  5589 | D:5      | Reached skill level 8 in Spellcasting
  5705 | D:5      | Reached skill level 9 in Spellcasting
  5762 | D:5      | Found an ancient bone altar of Kikubaaqudgha.
  5763 | D:5      | Found a deep blue altar of Sif Muna.
  5765 | D:5      | Found a radiant altar of Vehumet.
  5771 | D:5      | Became a worshipper of Sif Muna the Loreminder
  5778 | D:5      | Identified Kikubaaqudgha's Collected Works on Sinister
                  | Rituals
  5811 | D:5      | Learned a level 4 spell: Force Lance
  5971 | D:5      | Found a basalt altar of Yredelemnul.
  6009 | D:5      | Found Haczuk's Book Shoppe.
  6015 | D:5      | Bought a book of Misfortune for 220 gold pieces
  6090 | D:5      | Found a bloodstained altar of Trog.
  6416 | D:6      | Noticed a troll
  6425 | D:6      | Killed a troll
  6425 | D:6      | Reached XP level 9. HP: 45/45 MP: 0/24
  6594 | D:6      | Reached skill level 1 in Evocations
  6634 | D:6      | Noticed Blork the orc
  6650 | D:6      | Reached skill level 1 in Translocations
  6650 | D:6      | Reached skill level 1 in Invocations
  6733 | D:6      | Killed Blork the orc
  6835 | D:6      | Found a transporter.
  6838 | D:6      | Found a transporter.
  7083 | D:6      | Found a shadowy altar of Dithmenos.
  7088 | D:6      | Found a shimmering altar of Xom.
  7178 | D:6      | Reached * piety under Sif Muna
  7501 | D:6      | Noticed brucemayne's ghost (novice HOMo)
  8122 | D:7      | Found Vuoton's Food Boutique.
  8131 | D:7      | Bought a ration for 50 gold pieces
  8472 | D:7      | Reached skill level 10 in Spellcasting
  8495 | D:7      | Reached skill level 5 in Dodging
  8684 | D:7      | Noticed Harold
  8687 | D:7      | Reached ** piety under Sif Muna
  8770 | D:7      | Killed Harold
  8770 | D:7      | Reached skill level 5 in Stealth
  8770 | D:7      | Reached XP level 10. HP: 33/50 MP: 4/26
  8997 | D:7      | Found a staircase to the Ecumenical Temple.
  9017 | D:7      | Learned a level 3 spell: Gell's Gravitas
  9313 | D:8      | Found a hide-covered altar of Uskayaw.
  9906 | D:8      | Reached skill level 11 in Spellcasting
 10174 | D:8      | Learned a level 3 spell: Inner Flame
 10207 | D:8      | Reached skill level 10 in Conjurations
 10373 | D:8      | Reached skill level 1 in Staves
 11150 | D:9      | Reached *** piety under Sif Muna
 11450 | D:9      | Reached skill level 5 in Translocations
 11466 | D:9      | Found a glowing golden altar of the Shining One.
 11729 | D:9      | Found an ornate altar of the Wu Jian Council.
 11839 | D:9      | Gained mutation: You are partially covered in molten
                  | scales. (AC +2) [potion of mutation]
 11839 | D:9      | Gained mutation: You have a somewhat thin skeletal
                  | structure. (Dex +2, Stealth) [potion of mutation]
 11839 | D:9      | Gained mutation: You are agile. (Dex +2) [potion of
                  | mutation]
 11945 | D:10     | Entered Level 10 of the Dungeon
 12135 | D:10     | Reached XP level 11. HP: 24/54 MP: 10/28
 12321 | D:10     | Reached skill level 12 in Spellcasting
 12322 | D:10     | Found a staircase to the Lair.
 12711 | D:10     | Found Golusch's General Store.
 12774 | D:10     | Reached **** piety under Sif Muna
 13044 | D:10     | Found a staircase to the Orcish Mines.
 13451 | Orc:1    | Entered Level 1 of the Orcish Mines
 14280 | Lair:1   | Entered Level 1 of the Lair of Beasts
 14298 | Lair:1   | Found a frozen archway.
 14485 | IceCv    | Entered an ice cave
 15357 | IceCv    | Reached skill level 10 in Hexes
 15734 | IceCv    | Noticed a frost giant
 15782 | IceCv    | Killed a frost giant
 16047 | IceCv    | Reached XP level 12. HP: 59/59 MP: 17/30
 16056 | IceCv    | Reached skill level 5 in Evocations
 16867 | IceCv    | HP: 2/59 [polar bear (8)]
 16869 | IceCv    | Slain by a polar bear

Vault maps used:
D:1:      ldierk_water_garden, minivault_26, minmay_lizard_king
D:2:      nemelex_altar_shiori, uniq_terence
D:3:      cheibrodos_pilgrimage, minmay_snake_closets
D:4:      first_ration, uniq_ijyb, uniq_robin
D:5:      grunt_temple_overflow_magic_moments, lightli_temple_of_fire,
          kennysheep_mini_moat, basic_altar, serial_shops, shop, uniq_menkaure,
          uniq_duvessa, uniq_pikel
D:6:      lemuel_doored_altar, basic_altar, gammafunk_ghost_mausoleum,
          bh_walls_and_bars, uniq_blork_the_orc
D:7:      minmay_temple_entry_metal_lava, serial_shops, shop, uniq_harold
D:8:      overflow_temple_1_default
D:9:      kennysheep_little_box, kennysheep_mini
D:10:     minmay_opposing_rooms, minmay_lair_entry_grove, zombieorc2_lemuel,
          serial_shops, shop
Lair:1:   portal_ice_cave_rime, minmay_lair_oklob_chamber
IceCv:    ice_cave_small_giant

Skill      XL: |  1  2  3  4  5  6  7  8  9 10 11 12 |
---------------+-------------------------------------+-----
Conjurations   | 5 6 7 8 9 10 11 | 11.4
Dodging        | 3 4 5 6 |  6.0
Hexes          | 1 2 3 4 6 8 9 10 | 10.4
Spellcasting   | 4 5 7 9 10 11 12 | 12.7
Short Blades   | 1 |  1.5
Stealth        | 3 4 5 |  5.3
Evocations     | 2 3 4 5 |  5.0
Translocations | 3 5 6 |  6.9
Invocations    | 2 3 4 |  4.9
Staves         | 2 3 4 |  4.0
Polearms       | |  0.1

Action                   |  1- 3 |  4- 6 |  7- 9 | 10-12 || total
-------------------------+-------+-------+-------+-------++-------
Melee: Unarmed           |     2 |       |       |       ||     2
       Dagger            |    13 |    65 |    31 |       ||   109
       Glaive            |       |       |    18 |     2 ||    20
       Staff             |       |       |       |    44 ||    44
       Quarterstaff      |       |       |       |     3 ||     3
 Cast: Magic Dart        |    64 |    93 |   129 |   126 ||   412
       Searing Ray       |     4 |    11 |    28 |    83 ||   126
       Dazzling Spray    |     5 |    16 |    40 |    77 ||   138
       Iskenderun's Myst |       |     3 |    27 |    45 ||    75
       Fulminant Prism   |       |     4 |    10 |    60 ||    74
       Force Lance       |       |       |     2 |     8 ||    10
       Gell's Gravitas   |       |       |       |    11 ||    11
Invok: Divine Energy     |       |       |       |     1 ||     1
       Channel Magic     |       |       |       |     4 ||     4
       Stop Divine Energ |       |       |       |     1 ||     1
  Use: Scroll            |     5 |     7 |     9 |     7 ||    28
       Potion            |       |     1 |     1 |    11 ||    13
 Stab: Invisible         |     1 |     3 |     5 |     1 ||    10
       Distracted        |       |       |       |     1 ||     1
  Eat: Chunk             |     1 |    12 |    15 |    19 ||    47
       Ration            |       |       |       |     4 ||     4
Armor: Robe              |    24 |    20 |    13 |    66 ||   123
       Skin              |       |       |       |    46 ||    46
Dodge: Dodged            |    45 |    81 |    54 |   320 ||   500

Table legend:
 A = Non-vault XP
 B = Vault XP
 C = Vault XP percentage of total XP
 D = Non-vault monster count
 E = Vault monster count
 F = Vault count percentage of total count
                 A         B        C        D         E       F
            +---------+---------+-------+---------+---------+-------
      Total |    8976 |   14525 |  61.8 |     255 |     135 |  34.6
            +---------+---------+-------+---------+---------+-------
        D:1 |      52 |      11 |  17.5 |      22 |       9 |  29.0
        D:2 |      97 |      36 |  27.1 |      30 |       1 |   3.2
        D:3 |     160 |     204 |  56.0 |      29 |      16 |  35.6
        D:4 |     574 |      66 |  10.3 |      19 |      10 |  34.5
        D:5 |     318 |    1075 |  77.2 |      18 |       4 |  18.2
        D:6 |    1354 |      91 |   6.3 |      27 |       1 |   3.6
        D:7 |    1283 |    1060 |  45.2 |      34 |       1 |   2.9
        D:8 |    1729 |       0 |   0.0 |      24 |       0 |   0.0
        D:9 |    2559 |       0 |   0.0 |      32 |       0 |   0.0
       D:10 |     850 |    3095 |  78.5 |      20 |      56 |  73.7
     Lair:1 |       0 |     186 | 100.0 |       0 |       2 | 100.0
      IceCv |       0 |    8701 | 100.0 |       0 |      35 | 100.0
            +---------+---------+-------+---------+---------+-------
